Unix NetHack Version 3.7.0-84 Work-in-progress - last build May 8 2023 02:49:33 (a521f9c9ba282fe1dbcfd9214424a180692735d4,branch:master). Game began 2023-05-20 20:20:28, ended 2023-05-20 21:46:12. DoktorL, lawful male human Samurai |.| |.| |g| DoktorL the Joshu St:18/03 Dx:17 Co:18 In:10 Wi:9 Ch:12 Lawful S:46959 Dlvl:25 $:1071 HP:0(90) Pw:41(41) AC:-1 Xp:10/8603 T:12778 Latest messages: You miss the gremlin. You kill the gremlin! You kill the gremlin! You kill the gremlin! You kill the gremlin! The splash of venom misses the gremlin. You are hit by a splash of venom. The venom blinds you. You already found a monster. Use 'm' prefix to force another search. You miss the gremlin. You kill the gremlin! The gremlin just misses! The gremlin misses! The gremlin misses! The gremlin misses! You kill the gremlin! You kill the gremlin! You miss the invisible stalker. You hit the invisible stalker. You hit the invisible stalker. You miss the invisible stalker. The cobra misses! The invisible stalker hits! The cobra bites! You can see again. You miss the gremlin. You kill the gremlin! The gremlin misses! The gremlin hits! The gremlin misses! The gremlin hits! The cobra bites! The cobra bites! You kill the gremlin! The cobra bites! It hits! # Showing known terrain only... (For instructions type a '?') What do you want to zap? [BCPT or ?*] In what direction? You dig a hole through the floor. You fall through... The gremlin just misses! The gremlin hits! The gremlin bites! The gremlin hits! It hits! You die... Do you want your possessions identified? [ynq] (y) Inventory: Coins $ - 1071 gold pieces Amulets Q - an uncursed amulet of ESP Weapons p - 6 +0 daggers (at the ready) Z - a +0 katana (wielded in left hand) a - the rustproof +0 Snickersnee (wielded in right hand) Armor G - an uncursed +0 dwarvish iron helm (being worn) X - a cursed +0 pair of gauntlets of power f - an uncursed burnt +0 pair of yugake (being worn) Y - a cursed -2 pair of fumble boots m - an uncursed +0 pair of iron shoes U - an uncursed +0 pair of jumping boots (being worn) v - a cursed -3 pair of levitation boots W - an uncursed +0 dwarvish mithril-coat (being worn) Comestibles b - an uncursed gunyoki z - an uncursed lembas wafer k - 2 uncursed lizard corpses Rings I - an uncursed ring of poison resistance (on left hand) i - an uncursed ring of teleport control (on right hand) Wands T - a wand of digging (0:3) C - a wand of magic missile (0:5) B - a wand of magic missile (0:3) P - a wand of slow monster (0:4) Tools t - a blessed bag of holding containing 40 items M - an empty uncursed sack named POIS V - an uncursed blindfold named COLD d - a +0 pick-axe s - an uncursed skeleton key e - a +0 unicorn horn Gems/Stones J - an uncursed luckstone Contents of the bag of holding: 2 uncursed gunyoki an uncursed lembas wafer 2 cursed eggs 2 uncursed eggs a blessed scroll of blank paper 2 uncursed scrolls of blank paper 2 uncursed scrolls of earth an uncursed scroll of light an uncursed scroll of confuse monster an uncursed scroll of confuse monster an uncursed scroll of create monster an uncursed scroll of destroy armor an uncursed scroll of fire a blessed scroll of identify an uncursed scroll of magic mapping an uncursed scroll of punishment a cursed scroll of remove curse an uncursed scroll of remove curse an uncursed scroll of stinking cloud a blessed scroll of teleportation a cursed scroll of teleportation 3 uncursed scrolls of teleportation an uncursed potion of invisibility a potion of holy water a potion of unholy water an uncursed potion of blindness an uncursed potion of full healing a blessed potion of gain energy an uncursed potion of object detection a cursed potion of oil an uncursed potion of see invisible a blessed potion of sickness an uncursed +2 ring of adornment a cursed -1 ring of increase accuracy an uncursed ring of invisibility an uncursed ring of protection from shape changers a cursed ring of teleport control a wand of digging (0:7) a wand of digging (0:6) a wand of locking (0:2) DoktorL the Samurai's attributes: Background: You were a Joshu, a level 10 male human Samurai. You were lawful, on a mission for Amaterasu Omikami who was opposed by Raijin (neutral) and Susanowo (chaotic). You were in the Dungeons of Doom, on level 25. You entered the dungeon 12778 turns ago. There was a new moon in effect when your adventure ended. You had 8603 experience points, 1397 more were needed to attain level 11. Your score was 46959 before end-of-game adjustments. Basics: You had 0 out of 90 hit points. You had all 41 energy points (spell power). Your armor class was -1. Your wallet contained 1071 zorkmids. Autopickup was off. Final Characteristics: Your strength was 18/03 (limit:18/100). Your dexterity was 17 (peak:18, limit:18). Your constitution was 18 (limit:18). Your intelligence was 10 (limit:18). Your wisdom was 9 (limit:18). Your charisma was 12 (limit:18). Final Status: You were not hungry. You were unencumbered. You were wielding two weapons at once. Your skill in long sword was limited by being skilled with two weapons. Final Attributes: You were piously aligned. You were cold resistant. You were poison resistant. You were telepathic. You were invisible. You could jump. You had teleport control. You had a small defense bonus (+2). You were guarded. You were fast. You were lucky. You had extra luck. Bad luck did not time out for you. Good luck did not time out for you. You are dead. Miscellaneous: You disabled loading of bones levels. Total elapsed playing time was 1 hour, 13 minutes and 11 seconds. Major events: Turn 1: DoktorL the lawful male human Samurai entered the dungeon 497: entered the Gnomish Mines 1218: attained the rank of Ronin (level 3) 2271: attained the rank of Ninja (level 6) 4297: was bestowed with Snickersnee by Amaterasu Omikami 5546: acquired the Mines' End luckstone 7614: entered Sokoban 8239: completed 2nd Sokoban level 9042: completed 3rd Sokoban level 9919: completed 4th Sokoban level 10425: acquired the Sokoban bag of holding 11784: entered the Bigroom 12229: attained the rank of Joshu (level 10) 12778: killed by an invisible stalker Vanquished creatures: a water troll a queen bee 2 giant mimics an umber hulk an elf-noble 5 wargs a winter wolf 2 small mimics a warhorse 2 ogre leaders 2 trolls a gelatinous cube a large dog 3 freezing spheres a flaming sphere a shocking sphere 2 tigers 2 gargoyles 2 leocrottas an elf mummy 2 red nagas a pit viper an amorous demon a chameleon 2 crocodiles 2 giant beetles 3 quivering blobs 3 cockatrices a wolf 2 panthers 13 gremlins 2 leprechauns 2 iron piercers 5 giant spiders 2 scorpions 2 horses a black light 3 gnome rulers 2 owlbears a yeti 2 gold golems a giant eel 5 lizards a dingo 2 blue jellies a gray unicorn a black unicorn a dust vortex 2 ravens 2 snakes 5 apes 2 soldier ants 4 bugbears 3 imps a wood nymph a mountain nymph a rock piercer a rock mole a fog cloud 4 yellow lights a shrieker 15 gnome leaders 4 gnomish wizards a golden naga hatchling a guardian naga hatchling a gray ooze 2 ghouls 2 paper golems 4 giant ants 4 little dogs 2 floating eyes a kitten 9 dwarves 4 kobold leaders 3 kobold shamans 6 hill orcs 4 rothes 2 rabid rats 2 giant bats 5 monkeys 2 orc zombies a dwarf zombie 5 iguanas 18 killer bees 2 acid blobs 3 hobbits 12 manes 4 hobgoblins 3 cave spiders a brown mold 2 yellow molds a red mold 63 gnomes 3 garter snakes 2 gnome zombies 7 geckos 7 jackals 2 foxes 2 goblins 3 sewer rats 4 grid bugs 2 bats 5 lichens 4 kobold zombies 3 newts 359 creatures vanquished. No species were genocided or became extinct. Voluntary challenges: You read items or engraved 3 times. You never engraved Elbereth. You never genocided any monsters. You never polymorphed an object. You never changed form. You used no wishes. You violated the special Sokoban rules once. Achievements: You entered the Gnomish Mines. You attained the rank of Ronin. You attained the rank of Ninja. You entered a shop. You entered a temple. You completed the Gnomish Mines. You entered Sokoban. You completed Sokoban. You entered the Big Room. You attained the rank of Joshu. The Dungeons of Doom: levels 1 to 25 Level 1: "vault" Level 2: A fountain. Level 3: A fountain. Stairs down to The Gnomish Mines. Level 4: A grave. Level 5: "vault" A fountain. Level 6: Many fountains. Oracle of Delphi. Level 7: A fountain, a grave. Stairs up to Sokoban, level 6. Level 8: A fountain, a sink. Level 9: Level 10: Some fountains. A very big room. Level 11: "temple" Level 12: "wraith" Level 13: "temple" A fountain. Summoned by Lord Sato. Level 14: Level 15: A primitive area. Level 16: Level 17: An armor shop. Level 18: "eels" Level 19: Level 20: Level 21: "throne" Level 22: "giga throne" Level 23: "throne" Level 24: Level 25: <- You were here. Final resting place for you, killed by an invisible stalker. The Gnomish Mines: levels 4 to 12 Level 4: Level 5: Level 6: Many shops, a temple to Amaterasu Omikami, some fountains, a sink. Level 7: Level 8: Level 9: Level 10: Level 11: Level 12: Sokoban: levels 6 up to 3 Level 3: Solved. Level 4: Solved. Level 5: Solved. Level 6: Unsolved. Game over: ---------- / \ / REST \ / IN \ / PEACE \ / \ | DoktorL | | 1071 Au | | killed by an | | invisible | | stalker | | | | 2023 | *| * * * | * _________)/\\_//(\/(/\)/\//\/|_)_______ Sayonara DoktorL the Samurai... You died in The Dungeons of Doom on dungeon level 25 with 46852 points, and 1071 pieces of gold, after 12778 moves. You were level 10 with a maximum of 90 hit points when you died.